 Dungeon Crawl Stone Soup version 0.30-a0-347-gf58ed5266c (webtiles) character file.

Game seed: 10940822196550456717

42739 eyols the Severer (level 14, -2/129 HPs)
             Began as a Hill Orc Fighter on Nov 6, 2022.
             Was a High Priest of Trog.
             Slain by Rupert
             ... wielding a +4 vorpal great sword
              (18 damage)
             ... on level 3 of the Lair of Beasts on Nov 7, 2022.
             The game lasted 00:55:26 (18666 turns).

eyols the Severer (Hill Orc Fighter)               Turns: 18666, Time: 00:55:27

Health: -2/129     AC: 23    Str: 30    XL:     14   Next: 21%
Magic:  4/4        EV:  9    Int:  8    God:    Trog [*****.]
Gold:   1226       SH:  5    Dex: 13    Spells: 13/13 levels left

rFire   . . .      SeeInvis .    L - +6 executioner's axe (antimagic)
rCold   . . .      Faith    .    (shield currently unavailable)
rNeg    . . .      Spirit   .    G - +11 chain mail of Kezas {rCorr Dex+3 Stlth+}
rPois   +          Reflect  +    (no helmet)
rElec   .          Harm     .    (no cloak)
rCorr   +          Rampage  .    (no gloves)
Will    +....                    (no boots)
Stlth   ..........               I - amulet of reflection
HPRegen 0.41/turn                J - +6 ring of strength
MPRegen 0.09/turn                D - ring of poison resistance

@: marked
A: no striking features
a: Renounce Religion, Berserk, Trog's Hand, Brothers in Arms


You were on level 3 of the Lair of Beasts.
You worshipped Trog.
Trog was extremely pleased with you.
You visited 2 branches of the dungeon, and saw 17 of its levels.
You also visited: Ossuary.

You collected 1226 gold pieces.

Inventory:

Hand Weapons
 a - a +0 war axe of protection
 f - the +2 falchion of Kuah {vorpal, rPois Int+4}
   (You found it on level 7 of the Dungeon)

   It inflicts extra damage upon your enemies.
   Int:       It affects your intelligence (+4).
   rPois:     It protects you from poison.
 F - a +3 battleaxe
 L - a +6 antimagic executioner's axe (weapon)
 Q - a +5 vorpal bardiche
Missiles
 w - 3 throwing nets (quivered)
Armour
 b - a +0 scale mail
 c - a +0 buckler
 k - a +5 ring mail of cold resistance
 G - the +11 chain mail of Kezas (worn) {rCorr Dex+3 Stlth+}
   (You found it on level 9 of the Dungeon)

   Dex:       It affects your dexterity (+3).
   rCorr:     It protects you from acid and corrosion.
   Stlth:     It makes you more stealthy.
Jewellery
 p - a ring of fire
 s - a ring of positive energy
 u - a ring of protection from cold
 D - a ring of poison resistance (right hand)
 I - an amulet of reflection (around neck)
 J - a +6 ring of strength (left hand)
 M - a ring of ice
 O - a ring of flight
 T - a ring of magical power
Wands
 j - a wand of acid (8)
 l - a wand of roots (22)
 t - a wand of paralysis (4)
 y - a wand of digging (15)
 H - a wand of polymorph (3)
Scrolls
 g - a scroll of teleportation
 m - 3 scrolls of vulnerability
 n - 7 scrolls of identify
 v - 4 scrolls of blinking
 E - 3 scrolls of magic mapping
 N - a scroll of fog
 P - a scroll of fear
 R - a scroll of enchant armour
Potions
 d - 5 potions of might
 e - 4 potions of attraction
 h - 6 potions of curing
 i - 2 potions of brilliance
 o - 4 potions of mutation
 q - a potion of magic
 r - 3 potions of degeneration
 x - 3 potions of flight {unknown}
 z - 8 potions of lignification
 A - 2 potions of berserk rage
 B - 4 potions of resistance
 C - a potion of haste
 S - a potion of cancellation {unknown}
Miscellaneous
 K - a condenser vane


   Skills:
 + Level 13.0 Fighting
 * Level 20.3 Axes
 + Level 12.1 Armour
 - Level 7.7 Shields
 + Level 9.1 Evocations


You had 13 spell levels left.
You didn't know any spells.
Your spell library was empty.

Dungeon Overview and Level Annotations

Branches:
Dungeon (12/15)            Temple (0/1) D:5            Lair (5/5) D:11
 Shoals (0/4) Lair:2        Snake (0/4) Lair:2        Slime (0/5) Lair:5
Ossuary (visited)
    Orc: D:9-12

Altars:
Trog
Uskayaw
Jiyva

Shops:
D:2 :

Annotations:
D:9 Amaemon
Lair:3 Rupert


Message History

The rime drake bites you.
You barely miss the rime drake.
The rime drake is almost dead.
The rime drake bites you but does no damage.
You slice the rime drake!!
You kill the rime drake!
Trog accepts your kill.
HP restored.
Rupert the Wild comes into view.
He is wielding a +4 vorpal great sword and wearing a +0 scale mail of willpower.
Rupert shouts!
Rupert is nearby!
A sourceless malevolence fills the Lair of Beasts...
With a horrendous wail, an alarm goes off!
A sentinel's mark forms upon you.
Found a wand of flame (5).
Rupert drinks a potion.
Rupert suddenly seems more resistant.
Rupert roars madly and goes into a rage!
Rupert goes berserk!
Rupert barely misses you.
You closely miss Rupert. Rupert barely misses you. Rupert closely misses you.
You hit Rupert but do no damage.
Rupert hits you with a +4 vorpal great sword!!
You closely miss Rupert. Rupert barely misses you.
You barely miss Rupert.
Rupert hits you with a +4 vorpal great sword.
You slice Rupert!!
Rupert is lightly wounded.
Rupert hits you with a +4 vorpal great sword.
Rupert hits you with a +4 vorpal great sword!
You slice Rupert!!
Rupert is moderately wounded.
Rupert hits you with a +4 vorpal great sword!
You closely miss Rupert.
Rupert is moderately wounded.
Rupert hits you with a +4 vorpal great sword!!
* * * LOW HITPOINT WARNING * * *
x2 Rupert hits you with a +4 vorpal great sword!!
* * * LOW HITPOINT WARNING * * *
x2 Rupert hits you with a +4 vorpal great sword!!
You die...

........# .#.#.##..#
#.......# ./.......#
........###........##
.........#..........#
.........#..........#
#.....>.#..........#
.......<..#........#
#........##.....@..#
#.......# #.....@..#
#.#†#..#. ######..##
##.#...# #...# ##†..##
### ###.## ###+.P##
#.####PP.P## ...÷...#
##......P..# .......##
#.....P...#
.^..÷...###..........#
.......###..........##


You could see Rupert (berserk, resistant).

Vanquished Creatures
  Kirke (Lair:4)
  A dire elephant (Lair:5)
  Harold (D:11)
  Fannar (Lair:2)
  2 catoblepae
  A boulder beetle (Lair:5)
  A two-headed ogre (D:11)
  5 death yaks (Lair:5)
  A deep troll shaman (Lair:5)
  Lodul (D:11)
  A necromancer (Lair:2)
  Pikel (D:5)
  2 ugly things (D:11)
  9 elephants
  5 black mambas
  5 cane toads
  A gargoyle (D:11)
  A rime drake (Lair:3)
  Psyche (D:11)
  5 komodo dragons
  A kobold demonologist (D:12)
  4 polar bears
  Prince Ribbit (D:6)
  12 dream sheep (Lair:5)
  15 blink frogs
  Sigmund (D:2)
  4 wyverns
  48 yaks
  2 wraiths (D:9)
  4 basilisks
  4 steam dragons
  A hog (Lair:4)
  Edmund (D:5)
  An acid dragon (D:9)
  A naga (Lair:2)
  14 water moccasins
  A floating eye (D:9)
  An orc warrior (D:8)
  5 black bears
  2 sky beasts
  9 ogres
  23 wolves
  2 lemures (D:5)
  4 centaurs
  An elf zombie (Ossuary)
  A phantom (D:5)
  3 kobold brigands
  8 bullfrogs
  5 necrophages
  2 scorpions
  4 wights
  16 killer bees
  A jelly (D:7)
  2 howler monkeys (D:9)
  2 electric eels (Lair:1)
  A human zombie (Ossuary)
  A hound (D:7)
  2 orc priests (D:6)
  Terence (D:2)
  4 iguanas
  4 orc wizards
  6 polar bear simulacra (Lair:2)
  A yak simulacrum (Lair:2)
  6 hell rats (Lair:5)
  A wolf simulacrum (Lair:2)
  4 mummies (Ossuary)
  4 gnolls (D:5)
  A river rat (D:5)
  10 adders
  A shadow imp (D:7)
  5 white imps
  An ufetubus (D:5)
  3 adder zombies (Ossuary)
  6 worms
  A dart slug (D:2)
  27 orcs
  8 endoplasms
  4 giant cockroaches
  4 gnoll zombies (Ossuary)
  9 hobgoblins
  3 jackals
  23 kobolds
  8 quokkas
  5 ball pythons
  6 bats
  5 frilled lizards
  21 goblins
  A goblin zombie (Ossuary)
  A hobgoblin zombie (Ossuary)
  7 rats
  A rat zombie (Ossuary)
  3 river rat simulacra (Lair:2)
451 creatures vanquished.

Vanquished Creatures (others)
  A human (Lair:4)
  An orc wizard (D:8)
  An orc (D:8)
  21 fungi
  62 plants
86 creatures vanquished.

Grand Total: 537 creatures vanquished

Notes
Turn   | Place    | Note
-------+----------+-------------------------------------------
     0 | D:1      | eyols the Hill Orc Fighter began the quest for the Orb.
     0 | D:1      | Reached XP level 1. HP: 19/19 MP: 1/1
   107 | D:1      | Reached XP level 2. HP: 17/27 MP: 2/2
   109 | D:1      | Reached skill level 3 in Axes
   413 | D:1      | Reached XP level 3. HP: 33/33 MP: 3/3
   775 | D:2      | Found Neiraet's Book Emporium.
   845 | D:2      | Noticed Terence
   853 | D:2      | Killed Terence
   854 | D:2      | Reached XP level 4. HP: 30/40 MP: 4/4
  1092 | D:2      | Reached skill level 4 in Axes
  1301 | D:2      | Reached skill level 5 in Axes
  1301 | D:2      | Reached XP level 5. HP: 38/46 MP: 5/5
  1750 | D:2      | Noticed Sigmund
  1768 | D:2      | Killed Sigmund
  1769 | D:2      | Reached skill level 7 in Axes
  1769 | D:2      | Reached XP level 6. HP: 17/52 MP: 6/6
  2309 | D:3      | Found a faded altar of an unknown god.
  2440 | D:3      | Prayed at the altar of an unknown god.
  2440 | D:3      | Became a worshipper of Trog the Wrathful
  2440 | D:3      | Reached * piety under Trog
  3048 | D:4      | Reached skill level 8 in Axes
  3132 | D:4      | Reached ** piety under Trog
  3209 | D:4      | Reached XP level 7. HP: 59/59 MP: 7/7
  3445 | D:4      | Reached skill level 9 in Axes
  3707 | D:4      | Noticed Edmund
  3729 | D:5      | Entered Level 5 of the Dungeon
  3731 | D:5      | Noticed Pikel
  3742 | D:5      | Killed Edmund
  3744 | D:5      | Killed Pikel
  3745 | D:5      | Reached skill level 5 in Fighting
  3745 | D:5      | Reached skill level 10 in Axes
  3745 | D:5      | Reached XP level 8. HP: 11/68 MP: 8/8
  3781 | D:5      | Found a sand-covered staircase.
  3805 | Ossuary  | Entered an ossuary
  3824 | Ossuary  | Reached skill level 5 in Shields
  3856 | Ossuary  | Reached skill level 5 in Armour
  4240 | D:5      | Reached skill level 11 in Axes
  4663 | D:5      | Reached XP level 9. HP: 74/75 MP: 9/9
  4666 | D:5      | Reached *** piety under Trog
  4683 | D:5      | Found a staircase to the Ecumenical Temple.
  5332 | D:6      | Noticed Prince Ribbit
  5350 | D:6      | Killed Prince Ribbit
  5456 | D:6      | Reached skill level 12 in Axes
  6196 | D:7      | Found a hide-covered altar of Uskayaw.
  6268 | D:7      | Identified the +2 falchion of Kuah {vorpal, rPois Int+4}
  6304 | D:7      | Reached skill level 13 in Axes
  6304 | D:7      | Reached XP level 10. HP: 77/86 MP: 10/10
  6641 | D:7      | Reached skill level 1 in Evocations
  7051 | D:8      | Reached **** piety under Trog
  8322 | D:9      | Reached skill level 14 in Axes
  8333 | D:9      | Noticed Amaemon
  8649 | D:9      | Identified the +11 chain mail of Kezas {rCorr Dex+3 Stlth+}
  8707 | D:9      | Paralysed by a floating eye for 4 turns
  9006 | D:9      | Reached ***** piety under Trog
  9015 | D:9      | Reached XP level 11. HP: 83/95 MP: 11/11
  9016 | D:9      | Noticed a two-headed ogre
  9026 | D:10     | Entered Level 10 of the Dungeon
  9116 | D:10     | You fall into a shaft and drop 2 floors!
  9142 | D:11     | Noticed Psyche
  9143 | D:11     | Noticed a purple ugly thing
  9168 | D:11     | Killed a purple ugly thing
  9177 | D:11     | Killed Psyche
  9367 | D:11     | Identified the +0 short sword of Tension {protect, rF+
                  | rCorr}
  9439 | D:11     | Noticed a two-headed ogre
  9450 | D:11     | Killed a two-headed ogre
  9451 | D:11     | Reached skill level 15 in Axes
  9467 | D:11     | Noticed a green ugly thing
  9485 | D:11     | Killed a green ugly thing
  9604 | D:11     | Noticed Lodul
 10017 | D:11     | Killed Lodul
 10345 | D:11     | Noticed Harold
 10362 | D:11     | Killed Harold
 10363 | D:11     | Reached skill level 5 in Evocations
 10717 | D:11     | Found a staircase to the Lair.
 10763 | Lair:1   | Entered Level 1 of the Lair of Beasts
 10844 | Lair:1   | Reached skill level 16 in Axes
 10858 | Lair:1   | Reached skill level 10 in Fighting
 11716 | Lair:1   | Reached XP level 12. HP: 67/106 MP: 12/12
 12970 | Lair:2   | Reached skill level 17 in Axes
 13081 | Lair:2   | Found a staircase to the Snake Pit.
 13101 | Lair:2   | Noticed Fannar
 13129 | Lair:2   | Killed Fannar
 13353 | Lair:2   | Reached skill level 10 in Armour
 13871 | Lair:2   | Noticed a catoblepas
 13905 | Lair:2   | Killed a catoblepas
 14071 | Lair:2   | Found a staircase to the Shoals.
 14572 | Lair:3   | Reached skill level 18 in Axes
 14624 | Lair:3   | Received a gift from Trog
 14633 | Lair:3   | Reached XP level 13. HP: 97/116 MP: 13/13
 14914 | Lair:3   | You fall into a shaft and drop 2 floors!
 14914 | Lair:5   | Entered Level 5 of the Lair of Beasts
 15023 | Lair:5   | Found a viscous altar of Jiyva.
 15025 | Lair:5   | Found a staircase to the Slime Pits.
 15512 | Lair:5   | Reached skill level 19 in Axes
 15763 | Lair:5   | HP: 8/177 [death yak (6)]
 15763 | Lair:5   | HP: 3/177 [death yak (5)]
 16705 | Lair:5   | Received a gift from Trog
 17161 | Lair:5   | Noticed a dire elephant
 17165 | Lair:5   | Killed a dire elephant
 17171 | Lair:5   | Reached XP level 14. HP: 104/127 MP: 4/14
 17326 | Lair:4   | Reached skill level 20 in Axes
 17448 | Lair:4   | Noticed Kirke
 17465 | Lair:4   | Killed Kirke
 18653 | Lair:3   | Noticed Rupert
 18666 | Lair:3   | Slain by Rupert

Illustrated notes

Levels and vault maps discovered:
D:1:      minmay_arrival_up_and_down, layout_loops_ring
D:2:      minmay_thinvault, layout_loops_ring, serial_shops, shop, uniq_sigmund,
          uniq_terence
D:3:      layout_basic, hellmonk_ecumenical_altar_prayer_group
D:4:      layout_loops_ring, minmay_misc_feat_plants, uniq_edmund
D:5:      layout_cave_pools, minmay_temple_entry_junction_2,
          lightli_sewer_entry_pipes, nicolae_ossuary_entry_false_entrances,
          reono_crystal_passage, kennysheep_flooded_box,
          kennysheep_generic_room_12, uniq_pikel
D:6:      layout_loops_ring, uniq_prince_ribbit1
D:7:      layout_basic, mainiacjoe_overflow_concentric_impassable
D:8:      layout_loops_cross, enter_bailey_3
D:9:      layout_basic, minivault_23, onia_ninara_cookie, uniq_amaemon
D:10:     nicolae_BIG_FREAKIN_CUBE, layout_small_grid, dk_yredelemnul_ordeal,
          uniq_urug, uniq_maurice, uniq_grum
D:11:     layout_loops_ring, lair_entry_dummy, uniq_harold, uniq_lodul,
          uniq_psyche
D:12:     layout_stronghold, orc_0_dummy
Lair:1:   layout_cave_pods, serial_bayou_shore_a
Lair:2:   layout_hall_layers, elwin_shoals_entry_rocks,
          guppyfry_snake_entry_island, eino_house_with_fridge,
          grunt_megastairs_5, lemuel_fruit_tree, infiniplex_staircase_pool,
          uniq_fannar
Lair:3:   layout_roguey, uniq_rupert
Lair:4:   layout_cave_pods, uniq_kirke
Lair:5:   grunt_lair_end_beastmaster, layout_cave_pods, slime_entry_1,
          grunt_megastairs_1

Skill      XL: |  1  2  3  4  5  6  7  8  9 10 11 12 13 14 |
---------------+-------------------------------------------+-----
Axes           | 3 5 7 8 10 11 13 14 16 18 19 20 | 20.3
Fighting       | 4 5 6 7 8 10 11 12 13 | 13.0
Shields        | 4 5 6 7 |  7.7
Armour         | 4 5 6 8 9 10 11 12 | 12.1
Evocations     | 3 5 7 8 9 |  9.1

Action                   |  1- 3 |  4- 6 |  7- 9 | 10-12 | 13-15 || total
-------------------------+-------+-------+-------+-------+-------++-------
Melee: War axe           |    76 |   186 |   316 |   319 |       ||   897
       Battleaxe         |       |       |       |   373 |       ||   373
       Bardiche          |       |       |       |       |   238 ||   238
       Executioner's axe |       |       |       |       |    94 ||    94
Invok: Berserk           |       |       |     3 |     5 |     1 ||     9
  Use: Scroll            |       |     8 |    15 |     3 |     2 ||    28
       Potion            |       |       |     4 |     4 |     2 ||    10
 Stab: Petrified         |       |       |       |       |     2 ||     2
Armor: Scale mail        |    37 |    45 |       |       |       ||    82
       Ring mail         |       |    55 |   141 |   149 |       ||   345
       Chain mail        |       |       |       |   229 |   226 ||   455
Dodge: Dodged            |    40 |    73 |   140 |   316 |   146 ||   715
Block: Buckler           |    13 |    51 |    78 |    83 |       ||   225
       Other             |       |       |       |    77 |    69 ||   146
       Reflection        |       |       |       |     1 |       ||     1

Table legend: (Time is in decaauts)
 A = Elapsed time spent in this place.
 B = Non-inter-level travel time spent in this place.
 C = Inter-level travel time spent in this place.
 D = Time resting spent in this place.
 E = Time spent auto-exploring this place.
 F = Levels seen in this place.
 G = Mean time per level.
                   A        B        C        D        E       F      G
               +--------+--------+--------+--------+--------+-----+--------+
         Total |  18843 |  18376 |    467 |    348 |  13775 |  18 | 1046.8 |
       Dungeon |  10531 |  10197 |    334 |    348 |   7298 |  12 |  877.6 |
          Lair |   7975 |   7843 |    132 |      0 |   6262 |   5 | 1595.0 |
       Ossuary |    336 |    336 |      0 |      0 |    214 |   1 |  336.0 |
               +--------+--------+--------+--------+--------+-----+--------+

Top non-repeatable levels by time:
  Lair:5: 2490 daAuts
  Lair:1: 2013 daAuts
  Lair:2: 1636 daAuts
     D:8: 1555 daAuts
     D:2: 1495 daAuts
    D:11: 1259 daAuts
  Lair:4: 1123 daAuts
     D:7: 1014 daAuts
     D:6: 1012 daAuts
     D:5: 917 daAuts
     D:4: 827 daAuts
     D:1: 788 daAuts
  Lair:3: 712 daAuts
     D:3: 694 daAuts
     D:9: 478 daAuts
